 Dungeon Crawl Stone Soup version 0.31.0-12-g77e489cdc1 (webtiles) character file.

Game seed: 6636636492004526922

88 PriceMaster the Shield-Bearer (level 4, 0/40 HPs)
             Began as a Minotaur Fighter on Feb 17, 2024.
             Succumbed to an orc's poison
             ... on level 3 of the Dungeon.
             The game lasted 00:02:20 (1656 turns).

PriceMaster the Shield-Bearer (Minotaur Fighter)    Turns: 1656, Time: 00:02:20

Health: 0/40       AC: 13    Str: 23    XL:     4   Next: 29%
Magic:  3/3        EV:  8    Int:  5    God:
Gold:   103        SH:  5    Dex: 15    Spells: 3/3 levels left

rFire   x . .        a - +0 long sword
rCold   + . .        c - +0 buckler
rNeg    . . .        e - +0 chain mail
rPois   .            (helmet restricted)
rElec   .            o - +2 cloak
rCorr   .            q - +0 pair of gloves
SInv    .            (no boots)
Will    .....        (no amulet) Stlth
                     h - +6 ring of dexterity
HPRegen 0.26/turn    j - ring of ice
MPRegen 0.08/turn

%: no passive effects
@: lethally poisoned (0 -> -12)
A: horns 2, retaliatory headbutt
a: no special abilities


You were on level 3 of the Dungeon.
You visited 1 branch of the dungeon, and saw 3 of its levels.

You collected 103 gold pieces.

Inventory:

Hand Weapons
 a - a +0 long sword (weapon)
Armour
 b - a +0 scale mail
 c - a +0 buckler (worn)
 e - a +0 chain mail (worn)
 f - a +0 robe
 o - a +2 cloak (worn)
 q - a +0 pair of gloves (worn)
Jewellery
 h - a +6 ring of dexterity (left hand)
 j - a ring of ice (right hand)
Talismans
 r - a serpent talisman
Scrolls
 g - 2 scrolls of identify {unknown}
 k - a scroll of amnesia {unknown}
 l - a scroll of fog {unknown}
 m - 3 scrolls of teleportation {unknown}
Potions
 d - 2 potions of might
 i - 2 potions of magic {unknown}
 n - a potion of attraction {unknown}
 p - 2 potions of haste {unknown}
 s - a potion of brilliance {unknown}


   Skills:
 + Level 4.1 Fighting
 + Level 3.7 Long Blades
 + Level 4.1 Armour
 + Level 0.1 Dodging
 + Level 4.6 Shields
 * Level 0.2 Shapeshifting


You had 3 spell levels left.
You didn't know any spells.
Your spell library contained the following spells:

 Spells                   Type           Power      Damage    Failure   Level
 Kiss of Death            Conj/Necr      0%         2d5       98%         1
 Confusing Touch          Hex            0%         N/A       100%        3
 Dispel Undead            Necr           0%         3d6       100%        4


Dungeon Overview and Level Annotations

Branches:
Dungeon (3/15)

Altars:


Innate Abilities, Weirdness & Mutations

You have a pair of horns on your head.
You reflexively headbutt those who attack you in melee.


Message History

An orc is nearby!
You block the orc's attack.
There is a stone staircase leading up here.
You hit the orc but do no damage.
The orc hits you with a +0 falchion of venom.
You are poisoned.
The orc hits you with a +0 falchion of venom.
You are more poisoned.
You barely miss the orc.
You feel extremely sick. The orc hits you but does no damage.
You are lethally poisoned!
You hit the orc.
The orc is lightly wounded.
You feel extremely sick. The orc hits you but does no damage.
You are too injured to fight recklessly!
You are too injured to fight recklessly!
There is a lethal amount of poison in your body!
There is a lethal amount of poison in your body!
There is a lethal amount of poison in your body!
You are too injured to fight recklessly!
You are too injured to fight recklessly!
You are too injured to fight recklessly!
You are too injured to fight recklessly!
Okay, then.
Okay, then.
You hit the orc.
The orc is almost dead.
* * * LOW HITPOINT WARNING * * *
You feel extremely sick. The orc hits you but does no damage.
You closely miss the orc.
The orc is almost dead.
* * * LOW HITPOINT WARNING * * *
You feel very sick. You block the orc's attack.
You hit the orc.
You kill the orc!
You die...

######## ##......##
##........##
#..........#
#..........#
#.?...)....# ###
#....@.....#####..
#................#####
##.......>### #..)....
##........## #.......
#..........# #.......
#..........# #.......
#..........#####..####
#..............#.##
#..........###...# #


There were no monsters in sight!

Vanquished Creatures
  2 adders (D:2)
  A dart slug (D:1)
  2 ribbon worms
  5 orcs (D:3)
  4 ball pythons
  5 endoplasms
  2 giant cockroaches
  3 goblins
  8 hobgoblins
  9 kobolds
  2 quokkas
  4 bats (D:1)
  A frilled lizard (D:1)
  9 rats
57 creatures vanquished.

Notes
Turn   | Place    | Note
-------+----------+-------------------------------------------
     0 | D:1      | PriceMaster the Minotaur Fighter began the quest for the
                  | Orb.
     0 | D:1      | Reached XP level 1. HP: 19/19 MP: 0/0
    98 | D:1      | Reached XP level 2. HP: 21/27 MP: 1/1
   589 | D:1      | Reached XP level 3. HP: 32/33 MP: 2/2
  1341 | D:3      | Reached XP level 4. HP: 40/40 MP: 3/3
  1656 | D:3      | Succumbed to an orc's poison

Illustrated notes

Levels and vault maps discovered:
D:1:      matt_arrival_refuge, layout_basic
D:2:      layout_rooms
D:3:      layout_rooms

Skill      XL: |  1  2  3 |
---------------+----------+-----
Armour         | 4 |  4.1
Shields        | 4 |  4.6
Fighting       | 4 |  4.1
Long Blades    | 3 |  3.7
Dodging        | |  0.1
Shapeshifting  | |  0.2

Action                     |  1- 3 |  4- 6 || total
---------------------------+-------+-------++-------
  Melee: Long sword        |   112 |    25 ||   137
         Headbutt          |     7 |     3 ||    10
 Armour: Scale mail        |     8 |       ||     8
         Chain mail        |    70 |    14 ||    84
  Dodge: Dodged            |    31 |     6 ||    37
  Block: Buckler           |    44 |     5 ||    49
